 Dungeon Crawl Stone Soup version 0.30-a0-634-g8abc85282e (webtiles) character file.

Game seed: 8697098323698027931

61 bande the Covered (level 4, -2/29 HPs)
             Began as a Gargoyle Fighter on Jan 15, 2023.
             Slain by a hobgoblin (5 damage)
             ... led by Robin
             ... on level 2 of the Dungeon.
             The game lasted 00:01:36 (1324 turns).

bande the Covered (Gargoyle Fighter)                Turns: 1324, Time: 00:01:37

Health: -2/29      AC: 14    Str: 19    XL:     4   Next: 7%
Magic:  4/4        EV:  7    Int:  9    God:
Gold:   55         SH:  4    Dex: 11    Spells: 3/3 levels left

rFire   . . .      SeeInvis .    a - +0 war axe
rCold   . . .      Faith    .    c - +0 buckler
rNeg    + . .      Spirit   .    g - +0 chain mail
rPois   ∞          Reflect  .    h - +0 helmet
rElec   +          Harm     .    (no cloak)
rCorr   .          Rampage  .    (no gloves)
Will    .....                    (no boots) Stlth
                                 (no amulet)
HPRegen 0.24/turn                (no ring)
MPRegen 0.09/turn                (no ring)

@: no status effects
A: sickness immunity, AC +3, negative energy resistance 1, electricity
resistance, torment resistance 1, petrification resistance
a: no special abilities


You were on level 2 of the Dungeon.
You visited 1 branch of the dungeon, and saw 2 of its levels.

You collected 55 gold pieces.

Inventory:

Hand Weapons
 a - a +0 war axe (weapon)
Armour
 c - a +0 buckler (worn)
 g - a +0 chain mail (worn)
 h - a +0 helmet (worn)
Potions
 b - a potion of haste {unknown}
 d - a potion of might
 f - a potion of attraction {unknown}


   Skills:
 + Level 3.6 Fighting
 + Level 2.8 Axes
 + Level 3.9 Armour
 + Level 3.6 Shields


You had 3 spell levels left.
You didn't know any spells.
Your spell library was empty.

Dungeon Overview and Level Annotations

Branches:
Dungeon (2/15)

Altars:


Innate Abilities, Weirdness & Mutations

You are immune to sickness and miasma.
Your stone body is resilient. (AC +3)
You are immune to poison.
You resist negative energy. (rN+)
You are resistant to electric shocks. (rElec)
You are resistant to unholy torment.
You are immune to petrification.


Message History

You block the goblin's attack.
You closely miss the goblin. x2; The goblin hits you with a +0 club.
The goblin hits you but does no damage.
You barely miss the goblin. You hit the goblin.
You kill the goblin!
The goblin hits you with a +0 club.
* * * LOW HITPOINT WARNING * * *
Robin throws the goblin at you! You block the goblin's attack.
You closely miss the hobgoblin. You slash the goblin!
You kill the goblin!
The hobgoblin hits you but does no damage.
You hit the hobgoblin.
You kill the hobgoblin!
You slash Robin!
Robin is heavily wounded.
The hobgoblin no longer looks unusually strong.
You block Robin's attack. x2
You hit Robin but do no damage.
Robin is heavily wounded.
Robin hits you with a +0 short sword.
* * * LOW HITPOINT WARNING * * *
You barely miss Robin.
Robin is heavily wounded.
Robin hits you but does no damage. x2
You hit Robin.
Robin is almost dead.
Robin roars a battlecry!
The hobgoblin goes into a battle-frenzy!
You slash Robin!
You kill Robin!
You have reached level 4!
You feel clever.
You hit the hobgoblin.
The hobgoblin is moderately wounded.
The hobgoblin hits you but does no damage.
The hobgoblin closely misses you.
You hit the hobgoblin.
The hobgoblin is severely wounded.
The hobgoblin hits you.
You die...

.....##.. #...)....
#.<...... #........
# #........
#.##......#
#.......# #g#
#######.#.# #@#
#.......#.
#####)### #........
#)......# #.......#
#.#####.# #.......#
#.#####.###.......#
#.##..... #.......#
#.##.##.###...<...#
#.##.##.######.####
#...........##.#


You could see a hobgoblin (strong).

Vanquished Creatures
  Robin (D:2)
  A dart slug (D:1)
  A ball python (D:1)
  6 endoplasms (D:1)
  3 giant cockroaches (D:1)
  11 goblins
  3 hobgoblins
  7 jackals (D:1)
  2 quokkas (D:1)
  2 bats
  2 kobolds (D:1)
  A rat (D:1)
40 creatures vanquished.

Notes
Turn   | Place    | Note
-------+----------+-------------------------------------------
     0 | D:1      | bande the Gargoyle Fighter began the quest for the Orb.
     0 | D:1      | Reached XP level 1. HP: 14/14 MP: 1/1
    77 | D:1      | Reached XP level 2. HP: 19/19 MP: 2/2
   676 | D:1      | Reached XP level 3. HP: 23/23 MP: 3/3
  1290 | D:2      | Noticed Robin
  1315 | D:2      | HP: 1/23 [goblin/+0 club[Robin] (6)]
  1322 | D:2      | Killed Robin
  1323 | D:2      | Reached XP level 4. HP: 2/29 MP: 4/4
  1324 | D:2      | Slain by a hobgoblin

Illustrated notes

Levels and vault maps discovered:
D:1:      erik_arrival_cave_to_civilisation [erik_arrival_cave_to_hall],
          layout_basic, dreamdust_princess_bridge
D:2:      layout_loops_cross, uniq_robin, uniq_crazy_yiuf_cottage

Skill      XL: |  1  2 |
---------------+-------+-----
Axes           | 2 |  2.8
Fighting       | |  3.6
Armour         | |  3.9
Shields        | |  3.6

Action                   |  1- 3 |  4- 6 || total
-------------------------+-------+-------++-------
Melee: War axe           |   107 |     2 ||   109
  Use: Scroll            |     3 |       ||     3
Armor: Scale mail        |    24 |       ||    24
       Chain mail        |    60 |     1 ||    61
Dodge: Dodged            |    34 |     1 ||    35
Block: Buckler           |    20 |       ||    20

Table legend: (Time is in decaauts)
 A = Elapsed time spent in this place.
 B = Non-inter-level travel time spent in this place.
 C = Inter-level travel time spent in this place.
 D = Time resting spent in this place.
 E = Time spent auto-exploring this place.
 F = Levels seen in this place.
 G = Mean time per level.
                   A        B        C        D        E       F      G
               +--------+--------+--------+--------+--------+-----+--------+
         Total |   1369 |   1369 |      0 |      0 |   1101 |   2 |  684.5 |
       Dungeon |   1369 |   1369 |      0 |      0 |   1101 |   2 |  684.5 |
               +--------+--------+--------+--------+--------+-----+--------+

Top non-repeatable levels by time:
     D:1: 1284 daAuts
     D:2: 84 daAuts
